HS
CARROLL HS DRAGONS @ WOODSTOCK HS WOODPECKERS
03/12/2060
 
TOP OF THE 1ST
Carroll HS Dragons batting - Pitching for Woodstock HS Woodpeckers : RHP Drew Bartley
Pitching: RHP Drew Bartley
Batting: LHB Peter Hinchman 0-0: SINGLE (Flyball, 89S, EV 90.6 MPH)
Batting: LHB Bobby Potter 0-0: Called Strike
0-1: SINGLE (Line Drive, 9S, EV 105.6 MPH)
Peter Hinchman to second
Peter Hinchman to third
Batting: RHB Aiden Mero 0-0: DOUBLE (Line Drive, 78D, EV 101.9 MPH)
Peter Hinchman scores
Bobby Potter to third
Batting: LHB Marc Rennie 0-0: Called Strike
0-1: Foul Ball, location: 2F
0-2: Ball
1-2: Ball
2-2: Foul Ball, location: 2F
2-2: Ball
3-2: Base on Balls
Batting: RHB Kuran Tatsumi 0-0: Ball
1-0: SINGLE (Groundball, 56D, EV 105.6 MPH)
Bobby Potter scores
Aiden Mero to third
Marc Rennie to second
Runner from 3rd tries for Home, SAFE, throw by LF to home
Batting: RHB Zane Worsham 0-0: Called Strike
0-1: Called Strike
0-2: Ball
1-2: Fly out, F9 (Flyball, 89D, EV 106.2 MPH)
Batting: RHB Bradley Howard 0-0: Fielders Choice at 2nd, 5-4 (Groundball, 5, EV 86.9 MPH)
Marc Rennie to third
Batting: RHB Ty Emanuel 0-0: Fly out, F7 (Flyball, 7, EV 91.2 MPH)
Top of the 1st over - 3 runs, 4 hits, 0 errors, 2 left on base; Carroll HS 3 - Woodstock HS 0
BOTTOM OF THE 1ST
Woodstock HS Woodpeckers batting - Pitching for Carroll HS Dragons : RHP Chandler Trent
Pitching: RHP Chandler Trent
Batting: RHB Jules Vaughn 0-0: Ball
1-0: Ball
2-0: Ball
3-0: Base on Balls
Batting: RHB Ty Dempsey 0-0: Swinging Strike
0-1: Grounds into double play, 5-4-3 (Groundball, 56, EV 88.8 MPH)
Batting: RHB Garrett Ross 0-0: Ball
1-0: Called Strike
1-1: Ball
2-1: Foul Ball, location: 2F
2-2: Hit by Pitch
Batting: LHB Steven Friend 0-0: Called Strike
0-1: Foul Ball, location: 2F
0-2: Ball
1-2: Ball
2-2: Ground out 4-3 (Groundball, 4D, EV 103.8 MPH)
Bottom of the 1st over - 0 runs, 0 hits, 0 errors, 1 left on base; Carroll HS 3 - Woodstock HS 0
TOP OF THE 2ND
Carroll HS Dragons batting - Pitching for Woodstock HS Woodpeckers : RHP Drew Bartley
Batting: RHB Kyle Askin 0-0: Ball
1-0: Called Strike
1-1: Fly out, F3 (Popup, 3D, EV 68.1 MPH)
Batting: LHB Peter Hinchman 0-0: Ball
1-0: DOUBLE (Line Drive, 89XD, EV 103.8 MPH)
Batting: LHB Bobby Potter 0-0: Called Strike
Peter Hinchman steals 3rd base
0-1: Called Strike
0-2: Ball
1-2: Ball
2-2: Ball
3-2: Foul Ball, location: 2F
3-2: Foul Ball, location: 2F
3-2: Ground out 4-3 (Groundball, 4, EV 87.5 MPH)
Peter Hinchman scores
Batting: RHB Aiden Mero 0-0: Ball
1-0: Ball
2-0: Foul Ball, location: 2F
2-1: Ball
3-1: Base on Balls
Batting: LHB Marc Rennie 0-0: Fly out, F9 (Flyball, 9, EV 74.4 MPH)
Top of the 2nd over - 1 run, 1 hit, 0 errors, 1 left on base; Carroll HS 4 - Woodstock HS 0
BOTTOM OF THE 2ND
Woodstock HS Woodpeckers batting - Pitching for Carroll HS Dragons : RHP Chandler Trent
Batting: RHB Moses Everhart 0-0: SINGLE (Flyball, 34D, EV 90.0 MPH)
Batting: LHB Gavin Pohl 0-0: Ball
1-0: Ball
2-0: Swinging Strike
2-1: Called Strike
2-2: Foul Ball, location: 2F
2-2: Foul Ball, location: 2F
2-2: Fly out, F8 (Flyball, 8RD, EV 90.0 MPH)
Batting: RHB Daemon Sherrow 0-0: Ball
Moses Everhart is caught stealing 2nd base 2-4
1-0: Swinging Strike
1-1: Foul Ball, location: 2F
1-2: Hit by Pitch
Batting: RHB Mitchell Cook 0-0: Ball
1-0: Ground out 6-3 (Groundball, P, EV 90.0 MPH)
Bottom of the 2nd over - 0 runs, 1 hit, 0 errors, 1 left on base; Carroll HS 4 - Woodstock HS 0
TOP OF THE 3RD
Carroll HS Dragons batting - Pitching for Woodstock HS Woodpeckers : RHP Drew Bartley
Batting: RHB Kuran Tatsumi 0-0: Ball
1-0: Called Strike
1-1: Ball
2-1: Called Strike
2-2: Ground out 6-3 (Groundball, 6, EV 89.4 MPH)
Batting: RHB Zane Worsham 0-0: Ball
1-0: Ball
2-0: DOUBLE (Line Drive, 8RXD, EV 105.0 MPH)
Batting: RHB Bradley Howard 0-0: Ball
1-0: Called Strike
1-1: Called Strike
1-2: Ball
2-2: SINGLE (Groundball, 56D, EV 98.8 MPH)
Zane Worsham to third
Batting: RHB Ty Emanuel 0-0: Ball
1-0: SINGLE (Groundball, 6MD, EV 107.5 MPH)
Zane Worsham scores
Bradley Howard to second
Runner from 2nd tries for 3rd, SAFE, no throw by CF
Pitching: LHP Axel Weiss
Batting: RHB Kyle Askin 0-0: Called Strike
0-1: Ball
1-1: Called Strike
1-2: Ball
2-2: Fielders Choice at 2nd, 4-6 (Groundball, 13, EV 91.9 MPH)
Bradley Howard scores
Batting: LHB Peter Hinchman 0-0: Fly out, F9 (Line Drive, 89S, EV 91.9 MPH)
Top of the 3rd over - 2 runs, 3 hits, 0 errors, 1 left on base; Carroll HS 6 - Woodstock HS 0
BOTTOM OF THE 3RD
Woodstock HS Woodpeckers batting - Pitching for Carroll HS Dragons : RHP Chandler Trent
Batting: RHB Justin Taulbee 0-0: Swinging Strike
0-1: Fly out, F6 (Popup, 6MS, EV 80.0 MPH)
Batting: RHB Jules Vaughn 0-0: Ball
1-0: Ball
2-0: Ball
3-0: Base on Balls
Batting: RHB Ty Dempsey 0-0: Foul Ball, location: 2F
0-1: Ball
1-1: Fielders Choice at 2nd, 6-4 (Groundball, 6, EV 88.1 MPH)
Batting: RHB Garrett Ross 0-0: Ball
Ty Dempsey steals 2nd base
1-0: SINGLE (Line Drive, 4D, EV 96.2 MPH)
Ty Dempsey to third
Runner from 3rd tries for Home, SAFE, throw by RF to home
Batting: LHB Steven Friend 0-0: Ball
1-0: Called Strike
1-1: Ball
2-1: Ball
3-1: Base on Balls
Garrett Ross to second
Batting: RHB Moses Everhart 0-0: Ball
1-0: Foul Ball, location: 2F
1-1: Foul Ball, location: 2F
1-2: Ball
2-2: Strikes out swinging
Bottom of the 3rd over - 1 run, 1 hit, 0 errors, 2 left on base; Carroll HS 6 - Woodstock HS 1
TOP OF THE 4TH
Carroll HS Dragons batting - Pitching for Woodstock HS Woodpeckers : LHP Axel Weiss
Batting: LHB Bobby Potter 0-0: Ball
1-0: Called Strike
1-1: Ball
2-1: Fly out, F9 (Line Drive, 9, EV 94.4 MPH)
Batting: RHB Aiden Mero 0-0: Ball
1-0: Foul Ball, location: 2F
1-1: Foul Ball, location: 2F
1-2: Ball
2-2: SINGLE (Line Drive, 7S, EV 93.8 MPH)
Batting: LHB Marc Rennie 0-0: Called Strike
0-1: Ball
Aiden Mero is caught stealing 2nd base 2-6
1-1: Called Strike
1-2: SOLO HOME RUN (Line Drive, 9D, EV 95.0 MPH), Distance : 372 ft
Batting: RHB Kuran Tatsumi 0-0: Ball
1-0: Ball
2-0: Called Strike
2-1: Ball
3-1: Called Strike
3-2: Fly out, F8 (Flyball, 8RM, EV 80.6 MPH)
Top of the 4th over - 1 run, 2 hits, 0 errors, 0 left on base; Carroll HS 7 - Woodstock HS 1
BOTTOM OF THE 4TH
Woodstock HS Woodpeckers batting - Pitching for Carroll HS Dragons : RHP Chandler Trent
Batting: LHB Gavin Pohl 0-0: Reached on error, E6 (Groundball, 6, EV 86.2 MPH)
Batting: RHB Daemon Sherrow 0-0: Ball
1-0: Foul Ball, location: 2F
1-1: Ground out 3-1 (Groundball, 34S, EV 68.1 MPH)
Gavin Pohl to second
Batting: RHB Mitchell Cook 0-0: Ball
1-0: Ball
2-0: Called Strike
2-1: Ball
3-1: Base on Balls
Batting: RHB Justin Taulbee 0-0: Ball
1-0: Ball
2-0: Foul Ball, location: 2F
2-1: Swinging Strike
2-2: Ball
3-2: Foul Ball, location: 2F
3-2: Fly out, F7 (Flyball, 7D, EV 82.5 MPH)
Runner from 2nd tags up, SAFE at 3rd, no throw by LF
Batting: RHB Jules Vaughn 0-0: Ball
1-0: Ball
2-0: Called Strike
2-1: Foul Ball, location: 2F
2-2: SINGLE (Groundball, 6D, EV 96.2 MPH)
Gavin Pohl scores
Mitchell Cook to second
Batting: RHB Ty Dempsey 0-0: Called Strike
0-1: Fly out, F8 (Flyball, 8RS, EV 95.6 MPH)
Bottom of the 4th over - 1 run, 1 hit, 1 error, 2 left on base; Carroll HS 7 - Woodstock HS 2
TOP OF THE 5TH
Carroll HS Dragons batting - Pitching for Woodstock HS Woodpeckers : LHP Axel Weiss
Batting: RHB Zane Worsham 0-0: Foul Ball, location: 2F
0-1: Ball
1-1: Ball
2-1: Ground out 6-3 (Groundball, 6, EV 111.2 MPH)
Batting: RHB Bradley Howard 0-0: Fly out, F9 (Flyball, 89M, EV 88.8 MPH)
Batting: RHB Ty Emanuel 0-0: Called Strike
0-1: Ball
1-1: Ground out 3-1 (Groundball, 34, EV 81.9 MPH)
Top of the 5th over - 0 runs, 0 hits, 0 errors, 0 left on base; Carroll HS 7 - Woodstock HS 2
BOTTOM OF THE 5TH
Woodstock HS Woodpeckers batting - Pitching for Carroll HS Dragons : RHP Chandler Trent
Batting: RHB Garrett Ross 0-0: Ball
1-0: Called Strike
1-1: Ball
2-1: Foul Ball, location: 2F
2-2: Ground out 6-3 (Groundball, 6, EV 79.4 MPH)
Pitching: LHP Adrian Bertero
Batting: LHB Steven Friend 0-0: Ball
1-0: Ball
2-0: Foul Ball, location: 2F
2-1: Foul Ball, location: 2F
2-2: SINGLE (Line Drive, 8LS, EV 100.6 MPH)
Batting: RHB Moses Everhart 0-0: Ball
1-0: Reached on error, E4 (Groundball, 4M, EV 103.1 MPH)
Steven Friend to third
Batting: LHB Gavin Pohl 0-0: Foul Ball, location: 2F
0-1: Foul Ball, location: 2F
0-2: Ball
1-2: Foul Ball, location: 2F
1-2: SINGLE (Line Drive, 9S, EV 113.1 MPH)
Steven Friend scores
Moses Everhart to third
Runner from 3rd tries for Home, SAFE, throw by RF to home
Batting: RHB Daemon Sherrow 0-0: SINGLE (Flyball, 5D, EV 91.9 MPH)
Gavin Pohl to second
Batting: RHB Mitchell Cook 0-0: Called Strike
0-1: Swinging Strike
0-2: Ball
1-2: Ball
2-2: Foul Ball, location: 2F
2-2: Fly out, F9 (Line Drive, 89M, EV 91.9 MPH)
Batting: RHB Justin Taulbee 0-0: Called Strike
0-1: Swinging Strike
0-2: Ball
1-2: Ball
2-2: Ball
3-2: TRIPLE (Line Drive, 8RXD, EV 106.9 MPH)
Gavin Pohl scores
Daemon Sherrow scores
Pitching: RHP Arnett Santiago
Batting: RHB Jules Vaughn 0-0: Foul Ball, location: 2F
0-1: Ball
1-1: Called Strike
1-2: Ground out 6-3 (Groundball, 6, EV 100.0 MPH)
Bottom of the 5th over - 4 runs, 4 hits, 1 error, 1 left on base; Carroll HS 7 - Woodstock HS 6
TOP OF THE 6TH
Carroll HS Dragons batting - Pitching for Woodstock HS Woodpeckers : LHP Axel Weiss
Batting: RHB Kyle Askin 0-0: Ball
1-0: Ball
2-0: Called Strike
2-1: Called Strike
2-2: Fly out, F7 (Flyball, 7S, EV 72.5 MPH)
Batting: LHB Peter Hinchman 0-0: Ball
1-0: Ball
2-0: Foul Ball, location: 2F
2-1: Swinging Strike
2-2: Foul Ball, location: 2F
2-2: SINGLE (Line Drive, 3D, EV 100.0 MPH)
Batting: LHB Bobby Potter 0-0: Foul Ball, location: 2F
0-1: 2-RUN HOME RUN (Flyball, 9LD, EV 91.2 MPH), Distance : 329 ft
Pitching: LHP Arthur Shedd
Batting: RHB Aiden Mero 0-0: Ball
1-0: Ball
2-0: Ball
3-0: Called Strike
3-1: Base on Balls
Batting: LHB Marc Rennie 0-0: 2-RUN HOME RUN (Line Drive, 9D, EV 103.8 MPH), Distance : 365 ft
Batting: RHB Kuran Tatsumi 0-0: Ball
1-0: Ball
2-0: Ball
3-0: Base on Balls
Batting: RHB Zane Worsham 0-0: Ball
1-0: Foul Ball, location: 2F
1-1: Swinging Strike
1-2: Foul Ball, location: 2F
1-2: Foul Ball, location: 2F
1-2: Foul Ball, location: 2F
1-2: Foul Ball, location: 2F
1-2: Grounds into double play, 3-6-1 (Groundball, 3S, EV 88.8 MPH)
Top of the 6th over - 4 runs, 3 hits, 0 errors, 0 left on base; Carroll HS 11 - Woodstock HS 6
BOTTOM OF THE 6TH
Woodstock HS Woodpeckers batting - Pitching for Carroll HS Dragons : RHP Arnett Santiago
Batting: RHB Ty Dempsey 0-0: Foul Ball, location: 2F
0-1: Ball
1-1: Swinging Strike
1-2: Ball
2-2: Strikes out swinging
Batting: RHB Garrett Ross 0-0: DOUBLE (Groundball, 5L, EV 94.4 MPH)
Batting: LHB Steven Friend 0-0: Called Strike
0-1: Swinging Strike
0-2: Ball
1-2: Ball
2-2: Ground out U3 (Groundball, 3, EV 91.9 MPH)
Garrett Ross to third
Batting: RHB Moses Everhart 0-0: Ground out 6-3 (Groundball, 6M, EV 88.1 MPH)
Bottom of the 6th over - 0 runs, 1 hit, 0 errors, 1 left on base; Carroll HS 11 - Woodstock HS 6
TOP OF THE 7TH
Carroll HS Dragons batting - Pitching for Woodstock HS Woodpeckers : LHP Arthur Shedd
Batting: RHB Bradley Howard 0-0: Called Strike
0-1: Foul Ball, location: 2F
0-2: Ball
1-2: Foul Ball, location: 2F
1-2: Ball
2-2: SINGLE (Groundball, 4D, EV 96.2 MPH)
Batting: RHB Ty Emanuel 0-0: Ball
Passed Ball!
Bradley Howard to second
1-0: SINGLE (Groundball, 23, EV 68.8 MPH) (infield hit)
Bradley Howard to third
Batting: RHB Kyle Askin 0-0: Ball
1-0: Swinging Strike
1-1: Foul Ball, location: 2F
1-2: Fly out, F7 (Flyball, 7, EV 93.1 MPH)
Runner from 3rd tags up, SCORES, throw by LF
Batting: LHB Peter Hinchman 0-0: Foul Ball, location: 2F
0-1: Called Strike
0-2: Ball
1-2: Fly out, F4 (Line Drive, 4, EV 60.6 MPH)
Batting: LHB Bobby Potter 0-0: SINGLE (Line Drive, 9S, EV 96.9 MPH)
Ty Emanuel to second
Runner from 2nd tries for 3rd, SAFE, throw by RF made to third
Batting: RHB Aiden Mero 0-0: Foul Ball, location: 2F
0-1: Ball
1-1: Called Strike
1-2: Fly out, F4 (Popup, 3, EV 71.9 MPH)
Top of the 7th over - 1 run, 3 hits, 0 errors, 2 left on base; Carroll HS 12 - Woodstock HS 6
BOTTOM OF THE 7TH
Woodstock HS Woodpeckers batting - Pitching for Carroll HS Dragons : RHP Arnett Santiago
Batting: LHB Gavin Pohl 0-0: Called Strike
0-1: Ball
1-1: Swinging Strike
1-2: Strikes out looking
Pitching: RHP Devin Nagy
Batting: RHB Daemon Sherrow 0-0: Swinging Strike
0-1: Foul Ball, location: 2F
0-2: Ground out 4-3 (Groundball, 4, EV 88.8 MPH)
Batting: RHB Mitchell Cook 0-0: Foul Ball, location: 2F
0-1: Ball
1-1: Ball
2-1: Ball
3-1: Fly out, F9 (Flyball, 9D, EV 97.5 MPH)
Bottom of the 7th over - 0 runs, 0 hits, 0 errors, 0 left on base; Carroll HS 12 - Woodstock HS 6
TOP OF THE 8TH
Carroll HS Dragons batting - Pitching for Woodstock HS Woodpeckers : LHP Arthur Shedd
Batting: LHB Marc Rennie 0-0: Foul Ball, location: 2F
0-1: Swinging Strike
0-2: Foul Ball, location: 2F
0-2: Strikes out swinging
Batting: RHB Kuran Tatsumi 0-0: Called Strike
0-1: Ball
1-1: Foul Ball, location: 2F
1-2: Ball
2-2: SINGLE (Line Drive, 89S, EV 96.9 MPH)
Batting: RHB Zane Worsham 0-0: Foul Ball, location: 2F
0-1: Foul Ball, location: 2F
0-2: Ball
1-2: Ball
2-2: Ball
3-2: SINGLE (Groundball, 34D, EV 102.5 MPH)
Kuran Tatsumi to second
Runner from 2nd tries for 3rd, SAFE, throw by RF made to third
Zane Worsham to second
Pitching: LHP Chase Cope
Batting: RHB Bradley Howard 0-0: Ball
1-0: Foul Ball, location: 2F
1-1: SINGLE (Groundball, 4D, EV 95.6 MPH)
Kuran Tatsumi scores
Zane Worsham to third
Runner from 3rd tries for Home, SAFE, throw by CF to home
Batting: RHB Ty Emanuel 0-0: Foul Ball, location: 2F
0-1: Fly out, F8 (Flyball, 8LD, EV 97.5 MPH)
Batting: RHB Kyle Askin 0-0: Fly out, F4 (Popup, 4M, EV 68.8 MPH)
Top of the 8th over - 2 runs, 3 hits, 0 errors, 1 left on base; Carroll HS 14 - Woodstock HS 6
BOTTOM OF THE 8TH
Woodstock HS Woodpeckers batting - Pitching for Carroll HS Dragons : RHP Devin Nagy
Batting: RHB Justin Taulbee 0-0: Called Strike
0-1: Ball
1-1: Ball
2-1: Ground out 6-3 (Groundball, 56, EV 88.8 MPH)
Batting: RHB Jules Vaughn 0-0: Foul Ball, location: 2F
0-1: Ball
1-1: Ground out 4-3 (Groundball, 4, EV 81.2 MPH)
Batting: RHB Ty Dempsey 0-0: Foul Ball, location: 2F
0-1: SINGLE (Groundball, 56D, EV 101.2 MPH)
Batting: RHB Garrett Ross 0-0: Swinging Strike
0-1: Called Strike
0-2: SINGLE (Groundball, 56D, EV 108.8 MPH)
Ty Dempsey to second
Batting: LHB Steven Friend 0-0: SINGLE (Groundball, 6MD, EV 81.2 MPH) (infield hit)
Ty Dempsey to third
Garrett Ross to second
Batting: RHB Moses Everhart 0-0: Called Strike
0-1: Ball
1-1: Foul Ball, location: 2F
1-2: Fly out, F8 (Flyball, 8LD, EV 91.9 MPH)
Bottom of the 8th over - 0 runs, 3 hits, 0 errors, 3 left on base; Carroll HS 14 - Woodstock HS 6
TOP OF THE 9TH
Carroll HS Dragons batting - Pitching for Woodstock HS Woodpeckers : LHP Chase Cope
Batting: LHB Peter Hinchman 0-0: Fly out, F9 (Line Drive, 89M, EV 101.9 MPH)
Batting: LHB Bobby Potter 0-0: Ball
1-0: Swinging Strike
1-1: Swinging Strike
1-2: Ball
2-2: Ball
3-2: Ground out U3 (Groundball, 3L, EV 100.0 MPH)
Batting: RHB Aiden Mero 0-0: Fly out, F3 (Popup, 34S, EV 82.5 MPH)
Top of the 9th over - 0 runs, 0 hits, 0 errors, 0 left on base; Carroll HS 14 - Woodstock HS 6
BOTTOM OF THE 9TH
Woodstock HS Woodpeckers batting - Pitching for Carroll HS Dragons : RHP Devin Nagy
Batting: LHB Gavin Pohl 0-0: Swinging Strike
0-1: Ball
1-1: Ball
2-1: Foul Ball, location: 2F
2-2: Strikes out swinging
Batting: RHB Daemon Sherrow 0-0: Fly out, F9 (Flyball, 89S, EV 79.4 MPH)
Batting: RHB Mitchell Cook 0-0: Ball
1-0: Ball
2-0: Fly out, F8 (Flyball, 8LD, EV 83.8 MPH)
Bottom of the 9th over - 0 runs, 0 hits, 0 errors, 0 left on base; Carroll HS 14 - Woodstock HS 6
Wednesday, April 17th , 2024 - OOTP Baseball 23.10 Build 110